 Dungeon Crawl Stone Soup version 0.25.1-2-g60ff931df9 (webtiles) character file.

Game seed: 8272080212479039425

195 hawla the Chopper (level 5, -1/47 HPs)
             Began as a Hill Orc Monk on Sept 29, 2020.
             Slain by Terence
             ... wielding a +0 trident
              (12 damage)
             ... on level 3 of the Dungeon.
             The game lasted 00:04:31 (3076 turns).

hawla the Chopper (Hill Orc Monk)                   Turns: 3076, Time: 00:04:32

Health: -1/47      AC:  6    Str: 15    XL:     5   Next: 74%
Magic:  5/5        EV: 12    Int: 10    God:
Gold:   136        SH:  0    Dex: 13    Spells: 4/4 levels left

rFire    . . .     SeeInvis .   a - +1 hand axe
rCold    + . .     Gourm    .   (no shield)
rNeg     . . .     Faith    .   k - +0 ring mail
rPois    .         Spirit   .   (no helmet)
rElec    .         Reflect  .   m - +0 cloak
rCorr    .         Harm     .   (no gloves)
MR       +....                  (no boots)
Stlth    +.........             (no amulet)
HPRegen  0.15/turn              (no ring)
MPRegen  0.09/turn              (no ring)

@: very slightly contaminated, invisible
A: cold resistance 1, magic resistance 1
a: no special abilities


You were on level 3 of the Dungeon.
You were not hungry.

You visited 1 branch of the dungeon, and saw 3 of its levels.

You collected 136 gold pieces.

Inventory:

Hand Weapons
 a - a +1 hand axe (weapon)
Missiles
 g - 9 javelins (quivered)
Armour
 k - a +0 ring mail (worn)
 m - a +0 cloak (worn)
Scrolls
 i - 3 scrolls of identify
 n - a scroll of fear {unknown}
 p - a scroll of magic mapping {unknown}
 q - a scroll of enchant armour {unknown}
 r - a scroll of remove curse
Potions
 h - a potion of magic {unknown}
 j - a potion of ambrosia {unknown}
 l - 2 potions of might
 o - 2 potions of flight {unknown}
 s - a potion of cancellation {unknown}
Comestibles
 b - 4 chunks of flesh
 c - 3 rations


   Skills:
 + Level 4.4 Fighting
 + Level 5.9 Axes
 + Level 1.5 Armour
 * Level 3.6 Dodging
 - Level 1.5 Stealth


You had 4 spell levels left.
You didn't know any spells.
Your spell library was empty.

Dungeon Overview and Level Annotations

Branches:
Dungeon (3/15)

Altars:
Zin

Annotations:
D:3 Terence


Innate Abilities, Weirdness & Mutations

Your flesh is cold resistant. (rC+)
You are resistant to hostile enchantments. (MR+)


Message History

Terence barely misses you.
You closely miss Terence.
Terence is heavily wounded.
Terence barely misses you.
You hit Terence.
Terence is severely wounded.
Terence misses you.
You strike the helpless Terence from behind!
You hit Terence.
Terence is severely wounded.
Terence closely misses you.
You catch the helpless Terence completely off-guard!
You hit Terence.
Terence is almost dead.
Terence misses you.
You catch the helpless Terence completely off-guard!
You hit Terence.
Terence is almost dead.
Terence hits you with a +0 trident!
You die...

##.#### .#.#
#.# ###.#.##
#.# #...>...
#.###.....#
##.##....#
#........#
#..##)†.#####
#...).).....#
#..###@####.#
#..# #@# #..#
#g# #... ...
#.# #.( #:.#
#..# #...


You could see Terence (strong) and a hobgoblin.

Vanquished Creatures
  An iguana (D:3)
  Robin (D:3)
  5 adders
  An ooze (D:1)
  4 worms (D:2)
  5 dart slugs (D:1)
  2 leopard geckos
  An orc (D:3)
  12 bats
  3 giant cockroaches
  15 goblins
  9 hobgoblins
  5 jackals
  2 quokkas
  2 ball pythons
  4 frilled lizards
  5 kobolds
  8 rats
85 creatures vanquished.

Notes
Turn   | Place    | Note
-------+----------+-------------------------------------------
     0 | D:1      | hawla the Hill Orc Monk began the quest for the Orb.
     0 | D:1      | Reached XP level 1. HP: 19/19 MP: 1/1
   306 | D:1      | Reached XP level 2. HP: 27/27 MP: 2/2
   537 | D:1      | Reached XP level 3. HP: 31/33 MP: 3/3
  1363 | D:2      | Reached skill level 5 in Axes
  1419 | D:2      | Reached XP level 4. HP: 38/40 MP: 4/4
  2036 | D:2      | Found a glowing silver altar of Zin.
  2037 | D:2      | Noticed an angel
  2596 | D:2      | Reached skill level 1 in Armour
  2596 | D:2      | Reached XP level 5. HP: 27/46 MP: 5/5
  3029 | D:3      | Noticed Robin
  3037 | D:3      | Noticed Terence
  3052 | D:3      | Killed Robin
  3066 | D:3      | HP: 2/47 [Terence/+0 trident (6)]
  3068 | D:3      | Gained mutation: Your mind is acute. (Int +2) [potion of
                  | mutation]
  3068 | D:3      | Lost mutation: Your mind is acute. (Int +2) [potion of
                  | mutation]
  3068 | D:3      | Gained mutation: Your flesh is cold resistant. (rC+)
                  | [potion of mutation]
  3068 | D:3      | Gained mutation: You are resistant to hostile enchantments.
                  | (MR+) [potion of mutation]
  3076 | D:3      | Slain by Terence

Illustrated notes

Levels and vault maps discovered:
D:1:      minmay_arrival_split_and_join, layout_loops_ring, kennysheep_doodads
D:2:      layout_basic, zin_angel, minmay_heptomino_w4
D:3:      layout_loops_ring, lightli_temple_of_fire, first_ration,
          gammafunk_ghost_stat_death, uniq_robin, uniq_terence, uniq_grinder

Skill      XL: |  1  2  3  4 |
---------------+-------------+-----
Fighting       | 4 |  4.4
Dodging        | 3 |  3.6
Axes           | 5 |  5.9
Armour         | 1 |  1.5
Stealth        | |  1.5

Action                   |  1- 3 |  4- 6 || total
-------------------------+-------+-------++-------
Melee: Hand axe          |   120 |   163 ||   283
  Use: Scroll            |     3 |       ||     3
       Potion            |       |     3 ||     3
 Stab: Sleeping          |     6 |       ||     6
       Invisible         |       |     3 ||     3
  Eat: Chunk             |     2 |     5 ||     7
Armor: Robe              |    10 |       ||    10
       Leather armour    |     6 |    11 ||    17
       Ring mail         |       |    46 ||    46
Dodge: Dodged            |    93 |   131 ||   224
